General information
- name: BNet
- type: Ladder team game (AT/RT)
- host: Battle.net
- saver: STRASSENJUNGE
map: RiverOfSouls
- players: 6
- length: 15:48
- speed: Fast
- version: 1.24 W3XP
- replay type: Public
» download(142 KB)
Players
team 1 (winner)
SakuraGGL (
blue | 136 APM | 2150 actions | 15:47)
4 Death Knight
2 Death Coil
2 Unholy Aura
3 Lich
2 Frost Nova
1 Frost Armor
3 Dark Ranger
1 Black Arrow
2 Silence
» actions
| Assign group hotkey | 107 | |
| Basic commands | 17 | |
| Build / train | 45 | |
| Enter build submenu | 19 | |
| Enter hero's abilities submenu | 10 | |
| Give item / drop item | 1 | |
| Right click | 922 | |
| Select / deselect | 130 | |
| Select group hotkey | 842 | |
| Use ability | 57 | |
2150 total
» units
| Acolyte | 2 | |
| Ghoul | 3 | |
| Crypt Fiend | 5 | |
| Frost Wyrm | 6 | |
16 total
» buildings
| Graveyard | 1 | |
| Crypt | 1 | |
| Ziggurat | 8 | |
| Altar of Darkness | 1 | |
| Tomb of Relics | 3 | |
| Nerubian Tower | 2 | |
| Halls of the Dead | 2 | |
| Black Citadel | 1 | |
| Sacrificial Pit | 1 | |
| Boneyard | 2 | |
| Spirit Tower | 1 | |
23 total
» build order
00:07 Graveyard
00:19 Crypt
00:40 Ziggurat
01:01 Altar of Darkness
01:14 Ziggurat
01:38 Ziggurat
02:02 Tomb of Relics
02:06 Tomb of Relics
02:08 Tomb of Relics
02:25 Nerubian Tower
02:25 Nerubian Tower
02:57 Halls of the Dead
02:57 Halls of the Dead
04:25 Ziggurat
05:19 Black Citadel
06:43 Sacrificial Pit
06:49 Ziggurat
07:41 Boneyard
07:42 Boneyard
08:25 Spirit Tower
09:42 Ziggurat
12:56 Ziggurat
13:30 Ziggurat
» items
| Rod of Necromancy | 2 | |
| Orb of Corruption | 1 | |
| Potion of Healing | 1 | |
| Dust of Appearance | 1 | |
| Healing Salve | 1 | |
| Scroll of Speed | 1 | |
7 total
STRASSENJUNGE (
purple | 114 APM | 1809 actions | 15:48)
3 Paladin
2 Holy Light
1 Devotion Aura
3 Pandaren Brewmaster
2 Breath of Fire
1 Drunken Haze
» actions
| Assign group hotkey | 19 | |
| Basic commands | 97 | |
| Build / train | 45 | |
| Enter build submenu | 16 | |
| Enter hero's abilities submenu | 6 | |
| Right click | 850 | |
| Select / deselect | 381 | |
| Select group hotkey | 349 | |
| Use ability | 46 | |
1809 total
» units
» upgrades
| Gunpowder | 3 | |
| Long Rifles | 1 | |
| Armor | 2 | |
6 total
» buildings
| Altar of Kings | 1 | |
| Blacksmith | 1 | |
| Farm | 7 | |
| Barracks | 1 | |
| Scout Tower | 1 | |
| Arcane Tower | 1 | |
| Arcane Vault | 1 | |
| Lumber Mill | 1 | |
| Keep | 1 | |
| Castle | 1 | |
16 total
» build order
00:04 Altar of Kings
00:07 Blacksmith
00:25 Farm
01:32 Barracks
01:37 Farm
02:15 Scout Tower
02:44 Arcane Tower
02:49 Farm
03:07 Arcane Vault
03:58 Farm
04:21 Lumber Mill
04:35 Keep
05:14 Farm
06:45 Farm
07:04 Farm
09:53 Castle
» items
| Scroll of Town Portal | 2 | |
| Boots of Speed | 1 | |
3 total

»
timg4strok (
red | 119 APM | 1873 actions | 15:47)
3 Blademaster
1 Wind Walk
2 Critical Strike
2 Shadow Hunter
1 Hex
1 Healing Wave
» actions
| Assign group hotkey | 25 | |
| Basic commands | 31 | |
| Build / train | 44 | |
| Enter build submenu | 14 | |
| Enter hero's abilities submenu | 5 | |
| Give item / drop item | 2 | |
| Right click | 776 | |
| Select / deselect | 204 | |
| Select group hotkey | 718 | |
| Use ability | 54 | |
1873 total
» units
| Peon | 8 | |
| Grunt | 7 | |
| Raider | 5 | |
| Spirit Walker | 3 | |
| Kodo Beast | 1 | |
24 total
» upgrades
| Berserker Strength | 1 | |
| Ensnare | 1 | |
| Spirit Walker Training | 2 | |
| Melee Weapons | 2 | |
| Armor | 1 | |
| Envenomed Spears | 1 | |
| Pillage | 1 | |
| War Drums Damage Increase | 1 | |
10 total
» buildings
| Altar of Storms | 1 | |
| Orc Burrow | 6 | |
| Barracks | 1 | |
| Voodoo Lounge | 1 | |
| Stronghold | 1 | |
| War Mill | 1 | |
| Beastiary | 2 | |
| Spirit Lodge | 1 | |
| Fortress | 1 | |
| Great Hall | 1 | |
16 total
» build order
00:10 Altar of Storms
00:13 Orc Burrow
00:44 Barracks
01:47 Orc Burrow
02:57 Voodoo Lounge
03:18 Stronghold
03:20 Orc Burrow
05:04 War Mill
05:08 Orc Burrow
06:33 Beastiary
06:35 Spirit Lodge
09:06 Orc Burrow
09:09 Fortress
10:18 Beastiary
15:35 Orc Burrow
15:38 Great Hall
» items
team 2 (loser)

»
4k.Inyourfacehu (
pink | 112 APM | 1763 actions | 15:41)
3 Archmage
2 Summon Water Elemental
1 Brilliance Aura
1 Blood Mage
1 Flame Strike
» actions
| Assign group hotkey | 47 | |
| Basic commands | 16 | |
| Build / train | 55 | |
| Enter build submenu | 16 | |
| Enter hero's abilities submenu | 5 | |
| Give item / drop item | 1 | |
| Right click | 613 | |
| Select / deselect | 183 | |
| Select group hotkey | 757 | |
| Use ability | 70 | |
1763 total
» units
| Peasant | 9 | |
| Footman | 9 | |
| Mortar Team | 10 | |
28 total
» upgrades
| Defend | 1 | |
| Gunpowder | 3 | |
| Flare | 1 | |
| Fragmentation Shards | 1 | |
| Masonry | 2 | |
| Lumber Harvesting | 1 | |
| Flak Cannons | 1 | |
10 total
» buildings
| Altar of Kings | 1 | |
| Barracks | 1 | |
| Farm | 9 | |
| Keep | 4 | |
| Lumber Mill | 1 | |
| Blacksmith | 1 | |
| Workshop | 2 | |
| Castle | 1 | |
| Arcane Vault | 1 | |
21 total
» build order
00:07 Altar of Kings
00:19 Barracks
00:27 Farm
00:56 Farm
01:31 Farm
03:10 Keep
03:10 Keep
03:10 Keep
03:41 Farm
03:44 Lumber Mill
04:13 Farm
04:14 Farm
04:32 Blacksmith
05:49 Workshop
06:01 Castle
06:23 Workshop
06:26 Farm
07:30 Arcane Vault
11:06 Farm
11:08 Farm
» items
| Scroll of Regeneration | 1 | |
| Lesser Clarity Potion | 1 | |
| Staff of Sanctuary | 1 | |
| Scroll of Town Portal | 2 | |
5 total
aTouchofMadness (
orange | 134 APM | 2114 actions | 15:45)
3 Death Knight
2 Death Coil
1 Unholy Aura
2 Lich
1 Frost Nova
1 Frost Armor
1 Crypt Lord
1 Impale
» actions
| Assign group hotkey | 64 | |
| Build / train | 49 | |
| Enter build submenu | 11 | |
| Enter hero's abilities submenu | 7 | |
| Give item / drop item | 4 | |
| Right click | 1082 | |
| Select / deselect | 300 | |
| Select group hotkey | 529 | |
| Use ability | 68 | |
2114 total
» units
| Acolyte | 4 | |
| Ghoul | 3 | |
| Crypt Fiend | 10 | |
| Obsidian Statue | 2 | |
| Abomination | 1 | |
20 total
» upgrades
| Creature Attack | 1 | |
| Burrow | 1 | |
| Web | 1 | |
| Destroyer Form | 1 | |
4 total
» buildings
| Graveyard | 1 | |
| Crypt | 1 | |
| Altar of Darkness | 1 | |
| Ziggurat | 4 | |
| Tomb of Relics | 1 | |
| Halls of the Dead | 1 | |
| Slaughterhouse | 1 | |
| Black Citadel | 1 | |
11 total
» build order
00:07 Graveyard
00:10 Crypt
00:44 Altar of Darkness
00:56 Ziggurat
01:26 Tomb of Relics
02:00 Ziggurat
03:57 Halls of the Dead
04:11 Ziggurat
04:51 Ziggurat
06:28 Slaughterhouse
07:34 Black Citadel
» items
| Rod of Necromancy | 2 | |
| Dust of Appearance | 2 | |
| Scroll of Town Portal | 2 | |
| Orb of Corruption | 3 | |
| Scroll of Healing | 3 | |
12 total

»
hahahehehrhr (
green | 95 APM | 1498 actions | 15:46)
3 Death Knight
2 Death Coil
1 Unholy Aura
1 Lich
1 Frost Nova
1 Crypt Lord
1 Impale
» actions
| Assign group hotkey | 65 | |
| Basic commands | 11 | |
| Build / train | 43 | |
| ESC pressed | 2 | |
| Enter build submenu | 9 | |
| Enter hero's abilities submenu | 5 | |
| Right click | 689 | |
| Select / deselect | 163 | |
| Select group hotkey | 457 | |
| Use ability | 54 | |
1498 total
» units
| Acolyte | 2 | |
| Ghoul | 2 | |
| Crypt Fiend | 9 | |
| Obsidian Statue | 8 | |
21 total
» upgrades
| Creature Attack | 1 | |
| Web | 1 | |
| Destroyer Form | 1 | |
3 total
» buildings
| Graveyard | 1 | |
| Crypt | 1 | |
| Altar of Darkness | 1 | |
| Ziggurat | 4 | |
| Tomb of Relics | 1 | |
| Halls of the Dead | 1 | |
| Black Citadel | 1 | |
| Slaughterhouse | 1 | |
11 total
» build order
00:07 Graveyard
00:08 Crypt
00:41 Altar of Darkness
00:57 Ziggurat
01:32 Tomb of Relics
02:02 Ziggurat
04:27 Halls of the Dead
04:30 Ziggurat
06:38 Ziggurat
08:32 Black Citadel
10:31 Slaughterhouse
» items
| Rod of Necromancy | 2 | |
| Dust of Appearance | 1 | |
| Scroll of Town Portal | 2 | |
| Potion of Healing | 3 | |
| Orb of Corruption | 1 | |
9 total
Chat log
(00:50 / All) hahahehehrhr: :D
(00:53 / Allies) SakuraGGL: hes saying
(00:57 / Allies) SakuraGGL: heroes of fagworth
(01:10 / All) timg4strok: YO GUYS one sec
(02:38 / All) STRASSENJUNGE: ur.all.gay
(02:41 / All) STRASSENJUNGE: highper.ch
(02:43 / All) 4k.Inyourfacehu: thx
(02:51 / All) STRASSENJUNGE: Why wear a 4k tag
(02:55 / All) STRASSENJUNGE: ?
(03:03 / All) 4k.Inyourfacehu: why chat its a game not twitter etc
(03:05 / All) 4k.Inyourfacehu: ?
(03:37 / All) SakuraGGL: you can follow me as i play this game on twitter
(03:50 / All) STRASSENJUNGE: euros have twitter?
(03:52 / All) STRASSENJUNGE: they have internet?
(04:03 / All) STRASSENJUNGE: thought u guy were in darkages
(04:06 / All) 4k.Inyourfacehu: nazis have twitter
(04:09 / All) SakuraGGL: yea they have like AOL 6.0
(13:00 / All) timg4strok: jesus....am so good. at this game
(13:09 / All) 4k.Inyourfacehu: jesus u are sad
(13:14 / All) STRASSENJUNGE: ?
(13:20 / All) timg4strok: its not fair...... how good, i am.
(14:47 / All) STRASSENJUNGE: Just too good
(14:48 / All) STRASSENJUNGE: 2ez
(15:41 / All) 4k.Inyourfacehu: gutes spiel
(15:41 / All) STRASSENJUNGE: Damn how am i so good